 Dungeon Crawl Stone Soup version 0.28-a0-1567-g1695149f81 (webtiles) character file.

Game seed: 7764806082229307451

224 belegose the Skirmisher (level 5, -1/47 HPs)
             Began as a Draconian Abyssal Knight on Jan 19, 2022.
             Was a Believer of Lugonu.
             Slain by a harpy (6 damage)
             ... on level 4 of the Dungeon.
             The game lasted 00:07:57 (4532 turns).

belegose the Skirmisher (Draconian Abyssal Knight)  Turns: 4532, Time: 00:07:58

Health: -1/47      AC: 13    Str: 15    XL:     5   Next: 67%
Magic:  7/7        EV: 12    Int: 12    God:    Lugonu [**....]
Gold:   104        SH:  0    Dex: 12    Spells: 4/4 levels left

rFire   . . .      SeeInvis .   l - +2 flail (protect)
rCold   . . .      Faith    .   (no shield)
rNeg    . . .      Spirit   .   (armour unavailable)
rPois   .          Reflect  .   (helmet restricted)
rElec   .          Harm     .   (no cloak)
rCorr   .          Rampage  .   (no gloves)
Will    .....                   f - +0 pair of boots
Stlth   ++........              (no amulet)
HPRegen 0.15/turn               (no ring)
MPRegen 0.10/turn               (no ring)

@: under a protective aura
A: AC +5, unfitting armour, cold-blooded
a: Renounce Religion, Depart the Abyss, Bend Space


You were on level 4 of the Dungeon.
You worshipped Lugonu.
Lugonu was pleased with you.
You visited 1 branch of the dungeon, and saw 4 of its levels.
You visited the Abyss 1 time.
You also visited: Sewer.

You collected 104 gold pieces.

Inventory:

Hand Weapons
 a - a +1 mace
 l - a +2 flail of protection (weapon)
Missiles
 b - 66 stones
 k - 28 bolts
 n - a javelin (quivered)
Armour
 f - a +0 pair of boots (worn)
Magical Staves
 o - a staff of air
Wands
 p - a wand of polymorph (4)
Scrolls
 c - 3 scrolls of identify {unknown}
 d - a scroll of immolation {unknown}
 g - a scroll of enchant armour {unknown}
 i - a scroll of fog {unknown}
 j - a scroll of magic mapping {unknown}
 m - a scroll of fear {unknown}
 q - 2 scrolls of blinking
 r - 2 scrolls of summoning {unknown}
Potions
 e - a potion of curing {unknown}
 h - a potion of berserk rage {unknown}
 s - a potion of haste {unknown}


   Skills:
 + Level 4.4 Fighting
 + Level 3.1 Maces & Flails
 + Level 3.1 Dodging
 + Level 2.2 Stealth
 + Level 3.2 Invocations


You had 4 spell levels left.
You didn't know any spells.
Your spell library contained the following spells:

 Spells                   Type           Power      Damage    Failure   Level
 Beastly Appendage        Tmut           0%         N/A       32%         1
 Wereblood                Tmut           0%         N/A       45%         2
 Dazzling Flash           Conj/Hex       0%         N/A       69%         3
 Spider Form              Tmut/Pois      0%         N/A       69%         3
 Summon Guardian Golem    Hex/Summ       0%         N/A       69%         3
 Summon Lightning Spire   Summ/Air       0%         N/A       97%         4


Dungeon Overview and Level Annotations

Branches:
Dungeon (4/15)              Sewer (visited)
 Temple: D:4-7

Altars:
Kikubaaqudgha
Zin
The Shining One


Innate Abilities, Weirdness & Mutations

Your plain brown scales are hard. (AC +5)
You cannot fit into any form of body armour.
You are cold-blooded and may be slowed by cold attacks.


Message History

Aim: a hornet (will become a golden eye, a harpy, or a fire bat, chance to affect: 39%)
The hornet evaporates and reforms as a harpy!
Throw: 3 javelins
Press: ? - help, Q - select action, (/) - cycle Shift-Dir - straight line, f/p - harpy
Aim: a harpy (59% to hit)
You throw a javelin. The javelin pierces through the harpy!
The harpy is moderately wounded.
The harpy claws you! The harpy barely misses you.
The harpy completely misses you. The harpy claws you but does no damage.
You sock the harpy!
Your weapon exudes an aura of protection.
The harpy is heavily wounded.
The harpy claws you. x2
Unknown command.
Throw: 2 javelins
Press: ? - help, Q - select action, (/) - cycle Shift-Dir - straight line, f/p - harpy
Aim: a harpy (heavily wounded, 59% to hit)
You throw a javelin. The javelin pierces through the harpy.
The harpy is heavily wounded.
The harpy misses you. The harpy claws you. The harpy barely misses you.
The harpy claws you!
You hit the harpy but do no damage.
The harpy is heavily wounded.
The harpy claws you but does no damage. The harpy closely misses you.
The harpy misses you. x2
You hit the harpy.
The harpy is heavily wounded.
The harpy claws you but does no damage. The harpy claws you.
The harpy claws you but does no damage. The harpy closely misses you.
You closely miss the harpy.
The harpy is heavily wounded.
The harpy claws you!
* * * LOW HITPOINT WARNING * * *
The harpy claws you.
* * * LOW HITPOINT WARNING * * *
The harpy closely misses you. The harpy claws you but does no damage.
You barely miss the harpy. You tail-slap the harpy.
The harpy is severely wounded.
The harpy closely misses you. The harpy claws you.
You die...

#### #..
##.#########
#..@H((.....
#..########.
#..# #..#
#.†# #..#
#..# #..#
#..#


You could see a harpy.

Vanquished Creatures
  A bullfrog (Sewer)
  A river rat (D:3)
  7 adders
  3 worms
  4 bats
  2 endoplasms
  12 giant cockroaches
  8 goblins
  8 hobgoblins
  3 kobolds
  5 quokkas
  15 ball pythons
  8 frilled lizards
  8 rats
  A spectral kobold (D:2)
86 creatures vanquished.

Notes
Turn   | Place    | Note
-------+----------+-------------------------------------------
     0 | Abyss:1  | belegose the Draconian Abyssal Knight began the quest for
                  | the Orb.
     0 | Abyss:1  | Reached XP level 1. HP: 19/19 MP: 2/2
    50 | D:1      | Escaped the Abyss
   246 | D:1      | Reached XP level 2. HP: 23/26 MP: 3/3
   406 | D:1      | Reached * piety under Lugonu
  1195 | D:2      | Found a faded altar of an unknown god.
  1282 | D:2      | Reached skill level 1 in Stealth
  1369 | D:2      | Reached XP level 3. HP: 31/31 MP: 4/4
  1477 | D:2      | Found a glowing silver altar of Zin.
  2136 | D:3      | Found an ancient bone altar of Kikubaaqudgha.
  2302 | D:3      | Found a glowing golden altar of the Shining One.
  2506 | D:3      | Reached XP level 4. HP: 33/40 MP: 5/5
  2514 | D:3      | Found a glowing drain.
  2532 | D:3      | Reached ** piety under Lugonu
  2549 | Sewer    | Entered a sewer
  2751 | Sewer    | Reached skill level 4 in Fighting
  3514 | Sewer    | Noticed a bullfrog
  3520 | Sewer    | Killed a bullfrog
  3521 | Sewer    | Reached XP level 5. HP: 33/46 MP: 7/7
  3611 | Sewer    | Got Pixzoxt Xyif's Handbook of Supportive Enchantment
  4522 | D:4      | Noticed a hornet
  4525 | D:4      | Noticed a harpy
  4525 | D:4      | a hornet changed into a harpy
  4532 | D:4      | Slain by a harpy

Illustrated notes

Levels and vault maps discovered:
D:1:      lightli_arrival_boilingwater, layout_basic
D:2:      layout_loops_corners, basic_altar,
          dreamdust_ecumenical_altar_drowned_temple
D:3:      layout_basic, lemuel_crystal_altar,
          mainiacjoe_overflow_concentric_impassable, portal_sewer_entry_e,
          serial_bayou_pond_a, hangedman_decor_peaks_small
D:4:      layout_loops_ring, gammafunk_ghost_icy, serial_shops,
          nicolae_shop_statue_plus, grunt_ministairs_5, minmay_lizard_king

Skill      XL: |  1  2  3  4 |
---------------+-------------+-----
Stealth        | 1 2 |  2.2
Fighting       | 4 |  4.4
Maces & Flails | 3 |  3.1
Dodging        | 3 |  3.1
Invocations    | 3 |  3.2

Action                   |  1- 3 |  4- 6 || total
-------------------------+-------+-------++-------
Melee: Mace              |   114 |       ||   114
       Tailslap          |     9 |    21 ||    30
       Punch             |     2 |     1 ||     3
       Flail             |     9 |   134 ||   143
Throw: Javelin           |       |     2 ||     2
Invok: Depart the Abyss  |     1 |       ||     1
Evoke: Wand              |       |     1 ||     1
 Stab: Sleeping          |     3 |       ||     3
Armor: Skin              |    44 |    92 ||   136
Dodge: Dodged            |    88 |   144 ||   232

Table legend: (Time is in decaauts)
 A = Elapsed time spent in this place.
 B = Non-inter-level travel time spent in this place.
 C = Inter-level travel time spent in this place.
 D = Time resting spent in this place.
 E = Time spent auto-exploring this place.
 F = Levels seen in this place.
 G = Mean time per level.
                   A        B        C        D        E       F      G
               +--------+--------+--------+--------+--------+-----+--------+
         Total |   4732 |   4492 |    240 |    564 |   2623 |   6 |  788.7 |
       Dungeon |   3319 |   3079 |    240 |     56 |   2306 |   4 |  829.8 |
         Abyss |     50 |     50 |      0 |      0 |      0 |   1 |   50.0 |
         Sewer |   1363 |   1363 |      0 |    508 |    317 |   1 | 1363.0 |
               +--------+--------+--------+--------+--------+-----+--------+

Top non-repeatable levels by time:
   Sewer: 1363 daAuts
     D:3: 1112 daAuts
     D:2: 1053 daAuts
     D:1: 1040 daAuts
     D:4: 112 daAuts
 Abyss:1: 50 daAuts
